 Dungeon Sprint DCSS version 0.27-a0-1565-gad902ab807 (webtiles) character file.

Game seed: 12462463086880621356

2143 mhtbhm the Blocker (level 9, -2/90 HPs)
             Began as a Minotaur Fighter on July 16, 2021.
             Was an Initiate of Qazlal.
             Slain by a tentacle (14 damage)
             ... attached to a kraken
             ... in the Dungeon (Sprint II: "The Violet Keep of Menkaure").
             The game lasted 00:02:49 (1842 turns).

mhtbhm the Blocker (Minotaur Fighter)               Turns: 1842, Time: 00:02:49

Health: -2/90      AC: 15    Str: 25    XL:     9   Next: 9%
Magic:  8/8        EV:  9    Int:  5    God:    Qazlal [......]
Gold:   666        SH: 13    Dex:  9    Spells: 8/8 levels left

rFire    + . .     SeeInvis .   a - +0 long sword
rCold    . . .     Faith    .   c - +0 kite shield
rNeg     . . .     Spirit   .   b - +3 chain mail {rF+}
rPois    +         Reflect  .   (helmet restricted)
rElec    .         Harm     .   (no cloak)
rCorr    .         Rampage  .   (no gloves)
Will     .....     NoTele   +   (no boots)
Stlth    ..........             (no amulet)
HPRegen  0.25/turn              f - ring of poison resistance
MPRegen  0.11/turn              (no ring)

@: very slow
A: horns 2, retaliatory headbutt
a: Renounce Religion


You were in the Dungeon.
You worshipped Qazlal.
Qazlal was noncommittal.
You visited 1 branch You collected 1053 gold pieces.
You spent 387 gold pieces at shops.

Inventory:

Hand Weapons
 a - a +0 long sword (weapon)
Armour
 b - a +3 chain mail of fire resistance (worn)
 c - a +0 kite shield (worn)
Jewellery
 f - a ring of poison resistance (left hand)
Scrolls
 e - 3 scrolls of holy word {unknown}
 j - a scroll of blinking
Potions
 d - a potion of might
 g - a potion of haste
 h - 2 potions of magic


   Skills:
 + Level 12.3 Fighting
 + Level 10.4 Long Blades
 + Level 12.7 Armour
 + Level 3.5 Dodging
 + Level 2.0 Stealth
 + Level 13.4 Shields


You had 8 spell levels left.
You didn't know any spells.
Your spell library was empty.

Dungeon Overview and Level Annotations

Branches:
Dungeon (1/1)

Altars:
Cheibriados
Dithmenos
Elyvilon
Fedhas
Gozag
Hepliaklqana
Kikubaaqudgha
Makhleb
Nemelex Xobeh
Okawaru
Qazlal
Ru
Sif Muna
Trog
Uskayaw
Vehumet
Wu Jian
Xom
Yredelemnul
Zin
The Shining One
Beogh
Jiyva
Lugonu

Shops:
D :[:[!!=[*==:?(?

Annotations:
D exclusion: oklob plant, Roxanne


Innate Abilities, Weirdness & Mutations

You have a pair of horns on your head.
You reflexively headbutt those who attack you in melee.


Message History

You headbutt the tentacle. The tentacle completely misses you.
You furiously retaliate!
You headbutt the tentacle!
Unknown command.
The tentacle closely misses you. You block the tentacle's attack.
The tentacle slaps you. The tentacle slaps you!
You start resting.
You start resting.
You start resting.
HP restored.
Tentacles burst out of the water! 4 tentacles come into view.
You open the door.
The tentacle slaps you but does no damage.
You hit the tentacle but do no damage. The tentacle misses you.
You furiously retaliate!
You headbutt the tentacle! You block the tentacle's attack.
Your unstable footing causes you to fumble your attack.
The tentacle slaps you!
Your unstable footing causes you to fumble your attack.
The tentacle barely misses you. You block the tentacle's attack.
Your unstable footing causes you to fumble your attack.
The tentacle closely misses you. You furiously retaliate!
You headbutt the tentacle, but do no damage.
You hit the tentacle.
The tentacle is moderately wounded.
The tentacle slaps you!
The tentacle slaps you but does no damage.
You barely miss the tentacle.
The tentacle is moderately wounded.
The tentacle slaps you!! You block the tentacle's attack.
You hit the tentacle.
The tentacle is moderately wounded.
The tentacle slaps you. You block the tentacle's attack.
The tentacle slaps you!
* * * LOW HITPOINT WARNING * * *
The tentacle slaps you!
* * * LOW HITPOINT WARNING * * *
The tentacle barely misses you. You block the tentacle's attack.
The tentacle slaps you!
You die...

#. ## +.##. )▓?$!$?$!!▓▓
..# ...####▓$[(!$[$!▓▓ ..##
#..##.#▓()?=$?)$▓▓ #..#
+..#..#▓$$$??[($▓▓ #..#
#^.#.)#▓?!"$$(=(▓▓
+..####..##÷#▓!$($($!(▓▓
#.§..###...##▓▓▓▓▓▓▓Λ▓▓▓▓+▓
#......≈≈≈≈≈≈≈≈≈@w≈≈.──Xw≈▓
≈§.....≈#'########+###.ww≈▓
≈§§≈≈..≈#_._._...#SS≈## ≈≈▓
§≈§≈≈§§≈#._._._._#≈§§§## ▓
§§§≈§§§≈#_._._._.#≈≈§§§#
≈≈§≈≈≈≈§#._._._._#≈≈§§§≈
≈§§§≈§§§#.._._._.#§§§§≈
≈≈≈###≈§#..._._._#§§§§≈
#≈≈# #≈≈#...._._.#§§§§§


You could see a kraken, 2 tentacles and 2 water moccasins.

Vanquished Creatures
  A merfolk siren (D)
  A yaktaur (D)
  A hornet (D)
  3 polar bears (D)
  2 wyverns (D)
  A vampire mosquito (D)
  A water moccasin (D)
  4 scorpions (D)
14 creatures vanquished.

Vanquished Creatures (others)
  Menkaure (D)
  A water moccasin (D)
  4 tentacles (D)
6 creatures vanquished.

Grand Total: 20 creatures vanquished

Notes
Turn   | Place    | Note
-------+----------+-------------------------------------------
     0 | D        | mhtbhm the Minotaur Fighter began the quest for the Orb.
     0 | D        | Reached XP level 1. HP: 19/19 MP: 0/0
     1 | D        | Noticed a scorpion
     1 | D        | Noticed a scorpion
     6 | D        | Killed a scorpion
     7 | D        | Reached skill level 6 in Shields
     7 | D        | Reached XP level 2. HP: 30/30 MP: 1/1
     7 | D        | Reached XP level 3. HP: 37/37 MP: 2/2
     9 | D        | Killed a scorpion
    10 | D        | Reached skill level 7 in Shields
    10 | D        | Reached XP level 4. HP: 45/47 MP: 3/3
    11 | D        | Noticed a scorpion
    11 | D        | Noticed a scorpion
    15 | D        | Killed a scorpion
    16 | D        | Reached skill level 8 in Shields
    16 | D        | Reached XP level 5. HP: 51/53 MP: 4/4
    24 | D        | Killed a water moccasin
    35 | D        | HP: 2/56 [poisoned by a scorpion]
    70 | D        | Killed Menkaure
   344 | D        | Noticed a boulder beetle
   344 | D        | Noticed a boulder beetle
   348 | D        | Noticed a wyvern
   348 | D        | Noticed a wyvern
   352 | D        | Killed a wyvern
   353 | D        | Reached skill level 5 in Long Blades
   353 | D        | Reached skill level 1 in Dodging
   353 | D        | Reached skill level 10 in Shields
   353 | D        | Reached XP level 6. HP: 43/66 MP: 5/5
   359 | D        | Killed a wyvern
   360 | D        | Reached skill level 10 in Fighting
   360 | D        | Reached skill level 10 in Armour
   360 | D        | Reached XP level 7. HP: 13/72 MP: 6/6
   636 | D        | Noticed a merfolk siren
   646 | D        | Killed a merfolk siren
   647 | D        | Reached skill level 11 in Shields
  1290 | D        | Found Sucanwa's Jewellery Shop.
  1290 | D        | Found Dajesu's Antique Armour Boutique.
  1290 | D        | Found Lazo's Magic Scroll Shop.
  1290 | D        | Found Ulugoleb's Assorted Antiques.
  1290 | D        | Found Amezotukh's Magic Scroll Shop.
  1290 | D        | Found Qimyz's Jewellery Boutique.
  1290 | D        | Found Ideck's Jewellery Shop.
  1290 | D        | Found Litoed's Book Boutique.
  1290 | D        | Found Hinata's Antique Weapon Boutique.
  1291 | D        | Found Founkiukh's Distillery.
  1291 | D        | Noticed a shining eye
  1296 | D        | Noticed a vampire mosquito
  1300 | D        | Killed a vampire mosquito
  1301 | D        | Reached skill level 1 in Stealth
  1311 | D        | Found Ytezxeo's Distillery.
  1311 | D        | Found Hechadi's Antique Armour Shop.
  1311 | D        | Noticed a shining eye
  1311 | D        | Noticed a shining eye
  1311 | D        | Noticed an oklob plant
  1312 | D        | Found Bedeo's Armour Shop.
  1312 | D        | Found Taxeets's Book Shoppe.
  1312 | D        | Found Caosocen's Book Boutique.
  1313 | D        | Noticed a yak
  1313 | D        | Noticed a yak
  1313 | D        | Noticed a yak
  1327 | D        | Reached skill level 12 in Shields
  1327 | D        | Reached XP level 8. HP: 79/82 MP: 7/7
  1360 | D        | Bought a shiny chain mail for 187 gold pieces
  1373 | D        | Bought a ring of poison resistance for 200 gold pieces
  1389 | D        | Identified Roxanne's Tome of Changing
  1389 | D        | Noticed Roxanne
  1398 | D        | Found an opulent altar of Gozag.
  1398 | D        | Found an iron altar of Okawaru.
  1399 | D        | Found a sparkling altar of Nemelex Xobeh.
  1399 | D        | Found a blossoming altar of Fedhas.
  1400 | D        | Found a radiant altar of Vehumet.
  1400 | D        | Found a burning altar of Makhleb.
  1400 | D        | Found a white marble altar of Elyvilon.
  1401 | D        | Found a hide-covered altar of Uskayaw.
  1401 | D        | Found a corrupted altar of Lugonu.
  1401 | D        | Found a shadowy altar of Dithmenos.
  1402 | D        | Found a glowing silver altar of Zin.
  1402 | D        | Found a bloodstained altar of Trog.
  1402 | D        | Found an ancient bone altar of Kikubaaqudgha.
  1403 | D        | Found a basalt altar of Yredelemnul.
  1403 | D        | Found a shimmering blue altar of Sif Muna.
  1403 | D        | Found a viscous altar of Jiyva.
  1404 | D        | Found a shimmering altar of Xom.
  1404 | D        | Found a sacrificial altar of Ru.
  1405 | D        | Found a glowing golden altar of the Shining One.
  1405 | D        | Found an ornate altar of the Wu Jian Council.
  1406 | D        | Noticed a yaktaur
  1406 | D        | Noticed a hornet
  1406 | D        | Noticed a polar bear
  1406 | D        | Noticed a polar bear
  1406 | D        | Noticed a polar bear
  1419 | D        | Killed a polar bear
  1425 | D        | Killed a polar bear
  1428 | D        | Killed a polar bear
  1429 | D        | Reached skill level 13 in Shields
  1433 | D        | Killed a hornet
  1435 | D        | Killed a yaktaur
  1436 | D        | Reached skill level 10 in Long Blades
  1436 | D        | Reached XP level 9. HP: 28/90 MP: 8/8
  1708 | D        | Found a stormy altar of Qazlal.
  1710 | D        | Found a snail-covered altar of Cheibriados.
  1710 | D        | Found a hazy altar of Hepliaklqana.
  1724 | D        | Became a worshipper of Qazlal Stormbringer
  1746 | D        | Noticed a kraken
  1842 | D        | Slain by a tentacle

Illustrated notes

Levels and vault maps discovered:
D:        the_violet_keep_of_menkaure [sprint2_stairs_cluster_1,
          sprint2_shoproom, sprint2_temple, sprint2_basic_supplies,
          sprint2_obstacle_6, sprint2_obstacle_7, sprint2_obstacle_1,
          sprint2_obstacle_3, sprint2_obstacle_5, sprint2_timed_cluster_1,
          sprint2_smallroom_cluster_1, sprint2_smallroom_final_cluster_1,
          sprint2_transparent_cluster_1, sprint2_second_timed_cluster_1,
          sprint2_sniper_area_1, sprint2_heavy_combat_area_1,
          sprint2_mutation_trap_area_1, sprint2_forest_area_1,
          sprint2_light_combat_area_1, sprint2_behind_water_1,
          sprint2_near_end_vault_1]

Skill      XL: |  1  2  3  4  5  6  7  8 |
---------------+-------------------------+-----
Fighting       | 6 7 9 10 11 12 | 12.3
Long Blades    | 3 4 5 6 7 10 | 10.4
Armour         | 6 7 8 9 10 11 12 | 12.7
Shields        | 6 7 8 10 12 13 | 13.4
Dodging        | 1 2 3 |  3.5
Stealth        | 1 2 |  2.0

Action                   |  1- 3 |  4- 6 |  7- 9 || total
-------------------------+-------+-------+-------++-------
Melee: Long sword        |     6 |    26 |    87 ||   119
       Headbutt          |     2 |    11 |    36 ||    49
  Use: Potion            |     1 |       |     2 ||     3
Armor: Scale mail        |     1 |     6 |     5 ||    12
       Chain mail        |       |       |    23 ||    23
Dodge: Dodged            |     3 |     8 |    33 ||    44
Block: Kite shield       |     4 |    18 |    53 ||    75
       Rpst.: Long sword |       |     3 |     8 ||    11

Table legend: (Time is in decaauts)
 A = Elapsed time spent in this place.
 B = Non-inter-level travel time spent in this place.
 C = Inter-level travel time spent in this place.
 D = Time resting spent in this place.
 E = Time spent auto-exploring this place.
 F = Levels seen in this place.
 G = Mean time per level.
                   A        B        C        D        E       F      G
               +--------+--------+--------+--------+--------+-----+--------+
         Total |   1899 |   1899 |      0 |   1493 |      0 |   1 | 1899.0 |
       Dungeon |   1899 |   1899 |      0 |   1493 |      0 |   1 | 1899.0 |
               +--------+--------+--------+--------+--------+-----+--------+

Top non-repeatable levels by time:
       D: 1899 daAuts
